 Dungeon Crawl Stone Soup version 0.26-a0-21-gf97e55dc39 (webtiles) character file.

Game seed: 17839295118603002534, levelgen mode: deterministic

217758 Lucydeus the Fencer (level 19, -6/157 HPs)
             Began as a Formicid Fighter on May 26, 2020.
             Was the Champion of Okawaru.
             Mangled by a +3 lajatang of distortion (18 damage)
             ... on level 2 of the Elven Halls.
             The game lasted 02:26:20 (41135 turns).

Lucydeus the Fencer (Formicid Fighter)             Turns: 41135, Time: 02:26:20

Health: -6/157     AC: 34    Str: 25 (27) XL:     19   Next: 83%
Magic:  34/34      EV:  7    Int:  9      God:    Okawaru [******]
Gold:   3146       SH: 22    Dex: 23      Spells: 18/18 levels left

rFire    . . .     SeeInvis +   i - +10 great sword of Jiopru {elec, Dex+4 SInv}
rCold    + + +     Gourm    .   b - +1 tower shield {reflect}
rNeg     + . .     Faith    .   U - +2 crystal plate armour "Qoanliad" {-Tele rC++ Regen+ Int-2}
rPois    +         Spirit   .   (helmet unavailable)
rElec    .         Reflect  +   W - +0 cloak of Deigezio {-Cast rPois Dex+5 SInv}
rCorr    .         Harm     .   s - +2 pair of gloves of Youthful Indiscretion {rC+ MP+9}
MR       +++..     NoCast   +   a - +2 pair of boots {Fly}
Stlth    ..........             T - amulet of Kiroit {rPois MR++ Regen+ Str-5 Stlth+}
HPRegen  1.16/turn              q - ring "Lahi" {+Fly rC+ rN+ Dex+2}
MPRegen  0.24/turn              l - +6 ring of strength

@: flying
A: permanent stasis, dig shafts and tunnels, four strong arms, antennae 3,
rugged brown scales 1, agile 1, blurry vision 1, deterioration 1, screaming 1,
MP-powered wands
}: 1/15 runes: serpentine
a: Dig, Shaft Self, Heroism, Finesse, Renounce Religion, Stop Flying


You were on level 2 of the Elven Halls.
You worshipped Okawaru.
Okawaru was exalted by your worship.
You were hungry.

You visited 7 branches of the dungeon, and saw 31 of its levels.
You visited the Abyss 2 times.
You visited 1 bazaar.
You also visited: Ossuary and Bailey.

You collected 8838 gold pieces.
You spent 5692 gold pieces at shops.

Inventory:

Hand Weapons
 i - the +10 great sword of Jiopru (weapon) {elec, Dex+4 SInv}
   (You found it on level 2 of the Abyss)

   Occasionally, upon striking a foe, it will discharge some electrical energy
   and cause terrible harm.
   It affects your dexterity (+4).
   It lets you see invisible.
 k - a +7 triple crossbow of flaming
 H - a +9 triple sword of holy wrath
Missiles
 j - 434 bolts (quivered)
Armour
 a - a +2 pair of boots of flying (worn)
 b - a +1 tower shield of reflection (worn)
 s - the +2 pair of gloves of Youthful Indiscretion (worn) {rC+ MP+9}
   (You found it on level 6 of the Lair of Beasts)

   It protects you from cold.
   It affects your magic capacity (+9).
 U - the +2 crystal plate armour "Qoanliad" (worn) {-Tele rC++ Regen+ Int-2}
   (You bought it in a shop on level 2 of the Orcish Mines)

   It affects your intelligence (-2).
   It greatly protects you from cold.
   It prevents most forms of teleportation.
   It increases your rate of regeneration.
 W - the +0 cloak of Deigezio (worn) {-Cast rPois Dex+5 SInv}
   (Okawaru gifted it to you on level 6 of the Lair of Beasts)

   It affects your dexterity (+5).
   It protects you from poison.
   It lets you see invisible.
   It prevents spellcasting.
Jewellery
 l - a +6 ring of strength (right hand)
 n - an uncursed ring of positive energy
 q - the ring "Lahi" (left hand) {+Fly rC+ rN+ Dex+2}
   (You bought it in a shop in a bazaar)

   [ring of flight]

   It affects your dexterity (+2).
   It protects you from cold.
   It protects you from negative energy.
   It lets you fly.
 u - an uncursed ring of protection from magic
 N - a cursed amulet of the acrobat
 T - the amulet of Kiroit (around neck) {rPois MR++ Regen+ Str-5 Stlth+}
   (You found it on level 5 of the Lair of Beasts)

   [amulet of regeneration]

   It affects your strength (-5).
   It protects you from poison.
   It affects your resistance to hostile enchantments.
   It increases your rate of regeneration.
   It makes you more stealthy.
Wands
 e - a wand of paralysis (18)
 v - a wand of flame (31)
 z - a wand of clouds (9)
 D - a wand of acid (24)
 E - a wand of polymorph (9)
 J - a wand of enslavement (7)
 K - a wand of digging (12)
 R - a wand of random effects (37)
Scrolls
 c - 2 scrolls of brand weapon
 g - 15 scrolls of remove curse
 h - 5 scrolls of amnesia
 m - 11 scrolls of magic mapping
 o - 4 scrolls of immolation
 w - 5 scrolls of fear
 y - a scroll of enchant armour
 A - 3 scrolls of identify
 I - a scroll of silence
 L - 4 scrolls of fog
 V - 2 scrolls of summoning
Potions
 d - 3 potions of might
 t - 4 potions of lignification
 x - 2 potions of cancellation
 B - 2 potions of brilliance
 C - 14 potions of curing
 F - 2 potions of invisibility
 G - 2 potions of stabbing
 M - a potion of mutation
 X - a potion of resistance
 Y - 3 potions of ambrosia
Comestibles
 f - 45 rations


   Skills:
 + Level 14.4 Fighting
 * Level 17.2 Long Blades
   Level 15.5 Axes
 + Level 9.6 Crossbows
 + Level 13.1 Armour
 - Level 2.9 Dodging
 - Level 1.4 Stealth
 - Level 15.0 Shields
 - Level 8.0 Invocations


You had 18 spell levels left.
You didn't know any spells.
Your spell library contained the following spells:

 Spells                   Type           Power        Failure   Level  Hunger
 Animate Skeleton         Necr           N/A          100%        1    ##.....
 Apportation              Tloc           #.....       100%        1    ##.....
 Corona                   Hex            #......      100%        1    ##.....
 Foxfire                  Conj/Fire      #...         100%        1    ##.....
 Magic Dart               Conj           #...         100%        1    ##.....
 Pain                     Necr           #...         100%        1    ##.....
 Shock                    Conj/Air       #...         100%        1    ##.....
 Summon Small Mammal      Summ           #...         100%        1    ##.....
 Call Imp                 Summ           #.......     100%        2    ###....
 Corpse Rot               Necr/Air       N/A          100%        2    ###....
 Ensorcelled Hibernation  Hex/Ice        #.....       100%        2    ###....
 Shroud of Golubria       Chrm/Tloc      #.....       100%        2    ###....
 Slow                     Hex            #.......     100%        2    ###....
 Conjure Flame            Conj/Fire      #.......     100%        3    ####...
 Gell's Gravitas          Tloc           #.........   100%        3    ####...
 Lesser Beckoning         Tloc           #.........   100%        3    ####...
 Mephitic Cloud           Conj/Pois/Air  #.......     100%        3    ####...
 Static Discharge         Conj/Air       #.......     100%        3    ####...
 Teleport Other           Tloc           #.......     100%        3    ####...
 Vampiric Draining        Necr           #.........   100%        3    ####...
 Animate Dead             Necr           N/A          100%        4    #####..
 Passage of Golubria      Tloc           N/A          100%        4    #####..
 Summon Lightning Spire   Summ/Air       #.......     100%        4    #####..
 Agony                    Necr           #.......     100%        5    ######.
 Bolt of Magma            Conj/Fire/Erth #.........   100%        5    ######.
 Borgnjor's Vile Clutch   Necr/Erth      #.........   100%        5    ######.
 Lightning Bolt           Conj/Air       #.........   100%        5    ######.
 Silence                  Hex/Air        #.........   100%        5    ######.
 Yara's Violent Unravell  Hex/Tmut       #.........   100%        5    ######.
 Conjure Ball Lightning   Conj/Air       #.........   100%        6    #######
 Darkness                 Hex            #.........   100%        6    #######
 Iron Shot                Conj/Erth      #.........   100%        6    #######
 Shadow Creatures         Summ           N/A          100%        6    #######
 Starburst                Conj/Fire      #.........   100%        6    #######
 Orb of Destruction       Conj           #.........   100%        7    #######
 Spellforged Servitor     Conj/Summ      #.........   100%        7    #######
 Ignition                 Fire           #.........   100%        8    #######
 Shatter                  Erth           #.........   100%        9    #######
 Tornado                  Air            #.........   100%        9    #######
 Blink                    Tloc           Unusable     N/A         2    N/A
 Swiftness                Chrm/Air       Unusable     N/A         2    N/A

Dungeon Overview and Level Annotations

Branches:
Dungeon (15/15)            Temple (1/1) D:6            Lair (6/6) D:10
 Shoals (1/4) Lair:4        Snake (4/4) Lair:4        Slime (0/5) Lair:5
    Orc (2/2) D:10            Elf (2/3) Orc:2        Vaults (0/5) D:14
 Depths (0/5) D:15        Ossuary (visited)          Bailey (visited)

Altars:
Ashenzari
Cheibriados
Dithmenos
Elyvilon
Fedhas
Gozag
Hepliaklqana
Kikubaaqudgha
Makhleb
Nemelex Xobeh
Okawaru
Qazlal
Ru
Sif Muna
Trog
Uskayaw
Vehumet
Wu Jian
Xom
Yredelemnul
Zin
The Shining One

Shops:
Orc:2 ([*:   Elf:2 :   Snake:3 ?   Snake:4 *(?

Annotations:
Lair:5 exclusion: oklob plant
Elf:1 3 runed translucent doors
Abyss:1 Rupert


Innate Abilities, Weirdness & Mutations

You cannot be hasted, slowed, berserked, paralysed or teleported.
You can dig through walls and to a lower floor.
Your four strong arms can wield two-handed weapons with a shield.
You have a pair of large antennae on your head. (SInv)
You are partially covered in rugged brown scales. (AC +1, +3% HP)
You are agile. (Dex +2)
Scrolls take you a little longer to read.
Your body sometimes deteriorates upon taking damage.
You occasionally shout uncontrollably at your foes.
You expend magic power (3 MP) to strengthen your wands.


Message History

You slice the +1 battleaxe of flaming!!
The +1 battleaxe of flaming falls from the air.
Okawaru accepts your kill.
You feel the corruption within you wane completely.
You feel clever.
Your urge to scream lessens.
Your urge to yell lessens.
You see here a +1 battleaxe of flaming.
You hit the +3 lajatang of distortion.
The +3 lajatang of distortion is lightly damaged.
You block the +3 lajatang of distortion's attack.
You miss the +3 lajatang of distortion.
The +3 lajatang of distortion is lightly damaged.
The +3 lajatang of distortion hits you but does no damage.
Space warps horribly around you.
* * * LOW HITPOINT WARNING * * *
You slice the +3 lajatang of distortion!!
The +3 lajatang of distortion is almost destroyed.
The +3 lajatang of distortion hits you!!
* * * LOW HITPOINT WARNING * * *
Space warps horribly around you!!
You die...

##.##.#.#.#.#
###>#(##.##.# ###########
# ### ### ### ####
####.####.####.####...###
.##...##...##...##......#
........................#
....#.)............#
...###....(.[.).@.## ..##
##......)..(## ...#
#...........##
....#.............#
......^...........#
...................#
.................(.
........##..........
....# ##..........


You could see a +3 lajatang of distortion.

Vanquished Creatures
  Vashnia (Snake:2)
  Nikola (Snake:4)
  Asterion (Snake:4)
  Jorgrun (D:10)
  A storm dragon (Elf:1)
  A tentacled starspawn (Abyss:2)
  Agnes (D:15)
  6 nagarajas
  Roxanne (Elf:1)
  Aizul (Snake:2)
  2 orc warlords
  A deep elf sorcerer (Elf:2)
  A cacodemon (Abyss:2)
  Louise (Snake:1)
  An angel (Abyss:2)
  2 stone giants
  A deep elf annihilator (Elf:1)
  A deep elf demonologist (Elf:1)
  A dire elephant (Lair:6)
  An eidolon (Abyss:2)
  3 fire dragons
  2 deep elf high priests (Elf:1)
  2 vault guards (D:14)
  2 ice dragons
  8 naga warriors (Snake:4)
  5 hydras
  A merfolk aquamancer (Shoals:1)
  Erica (D:9)
  7 anacondas
  A merfolk avatar (Shoals:1)
  A centaur warrior (D:15)
  An ogre mage (D:14)
  3 two-headed ogres
  A queen ant (Lair:2)
  6 orc high priests
  21 dancing weapons
  Urug (D:10)
  22 naga sharpshooters
  2 shock serpents
  2 wretched stars (Abyss:2)
  Nergalle (Lair:4)
  12 deep elf knights
  3 sixfirhies (Abyss:2)
  2 sea snakes (Shoals:1)
  3 wizards
  9 deep elf archers
  A swamp dragon (Lair:6)
  4 naga ritualists
  8 large abominations
  7 mana vipers
  9 orc sorcerers
  3 cyclopes
  5 orc knights
  2 ugly things (D:15)
  24 deep elf magi
  A salamander (Snake:4)
  A worldbinder (Abyss:2)
  3 oklob plants
  Maurice (D:12)
  3 manticores
  Joseph (D:9)
  8 elephants (Lair:6)
  6 fauns (Shoals:1)
  A centaur zombie (D:14)
  5 smoke demons
  A water nymph (Shoals:1)
  34 black mambas
  3 merfolk sirens (Shoals:1)
  An orange demon (Abyss:3)
  8 naga magi (Snake:4)
  An ice statue (Lair:6)
  A gargoyle (D:13)
  2 centaur skeletons
  3 rime drakes
  8 spiny frogs
  A kobold demonologist (Abyss:2)
  A hellwing (Abyss:2)
  A yaktaur (D:14)
  6 komodo dragons
  An ancient zyme (Abyss:2)
  6 trolls
  An efreet (D:15)
  2 merfolk (Shoals:1)
  A hornet (D:9)
  12 polar bears (Lair:6)
  13 raiju
  11 blink frogs
  12 hippogriffs
  9 dream sheep
  3 water elementals
  An air elemental (Elf:2)
  A shadow (D:12)
  4 wyverns
  2 vampires
  25 yaks
  Eustachio (D:5)
  2 ynoxinuls (Abyss:2)
  A wraith (D:11)
  A hungry ghost (D:11)
  A fire elemental (Elf:1)
  A chaos spawn (Abyss:2)
  3 basilisks
  2 steam dragons (Lair:6)
  12 wargs
  7 vampire mosquitoes
  Grum (D:10)
  43 nagas
  5 soldier ants (Lair:2)
  13 hell hounds (Lair:6)
  An acid dragon (D:10)
  11 water moccasins
  9 porcupines
  8 small abominations
  2 swamp drakes
  6 ice beasts
  45 orc warriors
  13 black bears
  2 eyes of draining
  2 phantoms
  A sky beast (D:6)
  16 ogres
  A necrophage (D:9)
  24 wolves
  4 centaurs
  30 crocodiles
  12 bullfrogs
  5 big kobolds
  2 earth elementals (Elf:2)
  A wyvern zombie (D:10)
  A wyvern skeleton (D:6)
  4 scorpions
  10 killer bees
  3 electric eels
  9 wights
  2 howler monkeys
  9 crimson imps
  A bullfrog zombie (D:5)
  2 quasits
  An iron imp (Orc:2)
  4 jellies
  43 orc priests
  2 hounds
  A bullfrog skeleton (D:12)
  17 iguanas
  34 orc wizards
  19 worker ants
  A killer bee zombie (D:8)
  2 big kobold zombies (Ossuary)
  2 hound skeletons
  3 mummies (Ossuary)
  A howler monkey zombie (D:5)
  3 gnolls (Orc:1)
  19 adders
  4 shadow imps
  4 white imps
  An ooze (D:2)
  An adder skeleton (D:5)
  3 adder zombies (Ossuary)
  3 worms
  A dart slug (D:5)
  16 leopard geckos
  141 orcs
  2 bats
  A giant cockroach (D:2)
  9 hobgoblins
  12 jackals
  16 kobolds
  7 quokkas
  A ball python (D:4)
  8 frilled lizards
  13 goblins
  2 goblin zombies (Ossuary)
  5 hobgoblin zombies (Ossuary)
  A jackal skeleton (D:8)
  5 kobold zombies (Ossuary)
  2 quokka skeletons
  5 rats
  A rat zombie (Ossuary)
  6 plants
1168 creatures vanquished.

Vanquished Creatures (others)
  2 vault guards (D:14)
  A catoblepas (D:13)
  2 deep elf magi
  An orc sorcerer (D:14)
  2 ugly things (D:15)
  A manticore (D:15)
  3 cyclopes
  A centaur skeleton (D:15)
  A hellwing (Abyss:3)
  A tengu conjurer (D:15)
  3 trolls
  A small abomination (D:11)
  A water elemental (Elf:1)
  A shadow (D:15)
  A wraith (D:13)
  3 nagas (Snake:4)
  2 acid dragons
  A swamp drake (Lair:6)
  2 orc warriors
  A sky beast (D:11)
  A bullfrog (D:14)
  A killer bee (D:12)
  2 crimson imps
  An orc priest (D:12)
  An orc wizard (D:12)
  3 orcs
  20 fungi (Lair:6)
  32 plants
  6 starspawn tentacles (Abyss:2)
98 creatures vanquished.

Grand Total: 1266 creatures vanquished

Notes
Turn   | Place    | Note
-------+----------+-------------------------------------------
     0 | D:1      | Lucydeus the Formicid Fighter began the quest for the Orb.
     0 | D:1      | Reached XP level 1. HP: 18/18 MP: 1/1
   234 | D:1      | Reached XP level 2. HP: 19/24 MP: 2/2
   730 | D:2      | Reached XP level 3. HP: 27/29 MP: 3/3
   783 | D:2      | Reached XP level 4. HP: 17/35 MP: 4/4
  1021 | D:2      | Found a white marble altar of Elyvilon.
  1629 | D:2      | Reached XP level 5. HP: 41/41 MP: 5/5
  2576 | D:3      | Found a snail-covered altar of Cheibriados.
  2577 | D:3      | Found a sparkling altar of Nemelex Xobeh.
  2973 | D:4      | Reached XP level 6. HP: 34/48 MP: 6/6
  3099 | D:4      | Found a sand-covered staircase.
  3103 | Ossuary  | Entered an ossuary
  3444 | Ossuary  | Reached skill level 5 in Axes
  3699 | D:4      | Reached XP level 7. HP: 50/53 MP: 7/7
  3997 | D:5      | Entered Level 5 of the Dungeon
  4011 | D:5      | Reached skill level 5 in Shields
  4243 | D:4      | Reached skill level 1 in Dodging
  4623 | D:5      | You fall into a shaft and drop 1 floor!
  4627 | D:6      | Reached XP level 8. HP: 51/60 MP: 8/8
  4982 | D:5      | Reached skill level 1 in Stealth
  5074 | D:5      | Noticed Eustachio
  5112 | D:5      | Killed Eustachio
  5112 | D:5      | Reached skill level 5 in Armour
  5695 | D:6      | Reached XP level 9. HP: 66/66 MP: 9/9
  6030 | D:6      | Found a staircase to the Ecumenical Temple.
  6270 | Temple   | Entered the Ecumenical Temple
  6308 | Temple   | Became a worshipper of Warmaster Okawaru
  6676 | D:7      | Noticed a hippogriff
  6695 | D:6      | Killed a hippogriff
  6915 | D:7      | Found a flagged portal.
  6941 | Bailey   | Entered a bailey
  8209 | D:8      | Reached * piety under Okawaru
  8238 | D:8      | Noticed a hippogriff
  8245 | D:8      | Killed a hippogriff
  8245 | D:8      | Reached skill level 5 in Fighting
  8648 | D:8      | Reached XP level 10. HP: 74/74 MP: 10/10
  8720 | D:8      | Reached skill level 10 in Axes
  9283 | D:9      | Reached ** piety under Okawaru
  9452 | D:9      | Found a shimmering altar of Xom.
  9452 | D:9      | Found a shimmering altar of Xom.
  9454 | D:9      | Found a shimmering altar of Xom.
  9469 | D:9      | Found a shimmering altar of Xom.
  9725 | D:9      | Found a radiant altar of Vehumet.
  9846 | D:9      | Found a bloodstained altar of Trog.
  9851 | D:9      | Found a hide-covered altar of Uskayaw.
  9852 | D:9      | Found a glowing golden altar of the Shining One.
  9852 | D:9      | Found an ancient bone altar of Kikubaaqudgha.
  9855 | D:9      | Found a basalt altar of Yredelemnul.
  9856 | D:9      | Found an opulent altar of Gozag.
  9958 | D:9      | Reached *** piety under Okawaru
 10087 | D:9      | Noticed a three-headed hydra
 10092 | D:9      | Killed a one-headed hydra
 10092 | D:9      | Reached **** piety under Okawaru
 10157 | D:9      | Reached XP level 11. HP: 73/81 MP: 11/11
 10307 | D:9      | Noticed Joseph
 10319 | D:9      | Killed Joseph
 10369 | D:9      | Noticed Erica
 10378 | D:9      | Killed Erica
 10713 | D:10     | Entered Level 10 of the Dungeon
 10713 | D:10     | Found a hazy altar of Hepliaklqana.
 11002 | D:10     | Noticed Grum
 11029 | D:10     | Killed Grum
 11250 | D:10     | Reached ***** piety under Okawaru
 11369 | D:10     | Found a staircase to the Lair.
 11583 | D:10     | Identified Deapleipt's Grimoire of Feathers and
                  | Confrontation
 11602 | D:10     | Found a staircase to the Orcish Mines.
 12195 | D:11     | Noticed a two-headed ogre
 12208 | D:11     | Killed a two-headed ogre
 12208 | D:11     | Received a gift from Okawaru
 12208 | D:11     | Reached skill level 1 in Invocations
 12997 | D:11     | Reached XP level 12. HP: 68/91 MP: 9/13
 13283 | D:11     | Got a crystal hand axe {god gift}
 13292 | D:10     | Identified the +8 hand axe of Kemitwab {distort, rPois
                  | Str+7} (Okawaru gifted it to you on level 11 of the
                  | Dungeon)
 13527 | D:11     | Noticed a large abomination
 13530 | D:11     | Killed a large abomination
 14257 | D:11     | Got a faintly glowing glaive
 14331 | D:11     | Gained mutation: Your mind is acute. (Int +2) [potion of
                  | mutation]
 14331 | D:11     | Gained mutation: You are partially covered in yellow
                  | scales. (AC +2) [potion of mutation]
 14331 | D:11     | Gained mutation: Your body sometimes deteriorates upon
                  | taking damage. [potion of mutation]
 14331 | D:11     | Gained mutation: You are partially covered in slimy green
                  | scales. (AC +2) [potion of mutation]
 14332 | D:11     | Lost mutation: Your mind is acute. (Int +2) [potion of
                  | mutation]
 14332 | D:11     | Lost mutation: Your body sometimes deteriorates upon taking
                  | damage. [potion of mutation]
 14332 | D:11     | Lost mutation: You are partially covered in yellow scales.
                  | (AC +2) [potion of mutation]
 14332 | D:11     | Lost mutation: You are partially covered in slimy green
                  | scales. (AC +2) [potion of mutation]
 14332 | D:11     | Gained mutation: You occasionally shout uncontrollably at
                  | your foes. [potion of mutation]
 14332 | D:11     | Gained mutation: You expend magic power (3 MP) to
                  | strengthen your wands. [potion of mutation]
 14334 | D:12     | Noticed Maurice
 14384 | D:12     | Killed Maurice
 14424 | D:12     | Noticed Rupert
 14430 | D:12     | Banished Rupert
 14889 | D:13     | Reached skill level 5 in Invocations
 14913 | D:13     | Noticed a two-headed ogre
 14923 | D:13     | Killed a two-headed ogre
 14923 | D:13     | Received a gift from Okawaru
 14926 | D:13     | Got a smouldering scale mail {god gift}
 15106 | D:13     | Reached skill level 10 in Shields
 15234 | D:13     | Reached XP level 13. HP: 98/98 MP: 16/16
 15293 | D:13     | Noticed a catoblepas
 15308 | D:13     | Banished a catoblepas
 15881 | D:14     | Noticed a deep elf annihilator
 16141 | D:14     | Found a gateway to a bazaar.
 16174 | D:14     | Reached skill level 15 in Axes
 16319 | D:14     | Noticed a vault guard
 16347 | D:14     | Banished a deep elf annihilator
 16538 | D:14     | Identified the Collected Works on Confrontation and
                  | Changing
 16681 | D:14     | Noticed a vault guard
 16705 | D:14     | Killed a vault guard
 16713 | D:14     | Cast into level 2 of the Abyss (a wizard)
 16752 | Abyss:2  | Got a polished great sword
 16876 | Abyss:2  | Noticed a starcursed mass
 16883 | Abyss:2  | Noticed an angel
 16927 | Abyss:2  | Killed an angel
 17071 | Abyss:2  | Noticed a tentacled starspawn
 17095 | Abyss:2  | Noticed a starcursed mass
 17419 | Abyss:3  | Noticed a black draconian shifter
 17447 | D:14     | Escaped the Abyss
 17448 | D:14     | Noticed a vault guard
 17449 | D:14     | Noticed a vault guard
 17665 | D:14     | Noticed a vault guard
 17676 | D:14     | Banished a vault guard
 17682 | D:14     | Killed a vault guard
 17682 | D:14     | Received a gift from Okawaru
 17684 | D:14     | Banished a vault guard
 17688 | D:14     | Banished a vault guard
 17758 | D:14     | Found a gate to the Vaults.
 17822 | D:15     | Entered Level 15 of the Dungeon
 17855 | D:15     | Reached XP level 14. HP: 70/109 MP: 11/19
 17858 | D:15     | Reached skill level 10 in Armour
 18037 | D:15     | Identified the +10 great sword of Jiopru {elec, Dex+4 SInv}
                  | (You found it on level 2 of the Abyss)
 18038 | D:15     | Identified the +3 glaive of Action {freeze, rF- Str+9
                  | Dex+4} (You found it on level 11 of the Dungeon)
 18059 | D:15     | Reached skill level 10 in Fighting
 18368 | D:15     | Noticed Agnes
 18380 | D:15     | Killed Agnes
 18517 | D:15     | Gained mutation: You are clumsy. (Dex -2) [mutagenic glow]
 18539 | D:15     | Gained mutation: Your spells are a little harder to cast,
                  | but a little more powerful. [mutagenic glow]
 18802 | Lair:1   | Entered Level 1 of the Lair of Beasts
 18868 | Lair:1   | Reached skill level 1 in Long Blades
 19067 | Lair:1   | Reached skill level 2 in Long Blades
 19531 | Lair:2   | Reached skill level 3 in Long Blades
 20050 | Lair:2   | Reached skill level 4 in Long Blades
 21243 | Lair:2   | Reached skill level 5 in Long Blades
 21401 | Lair:2   | Lost mutation: Your spells are a little harder to cast, but
                  | a little more powerful. [potion of mutation]
 21401 | Lair:2   | Lost mutation: You expend magic power (3 MP) to strengthen
                  | your wands. [potion of mutation]
 21401 | Lair:2   | Gained mutation: You are weak. (Str -2) [potion of
                  | mutation]
 21401 | Lair:2   | Gained mutation: You expend magic power (3 MP) to
                  | strengthen your wands. [potion of mutation]
 21690 | Lair:3   | Lost mutation: You are weak. (Str -2) [potion of mutation]
 21690 | Lair:3   | Lost mutation: You are clumsy. (Dex -2) [potion of
                  | mutation]
 21690 | Lair:3   | Gained mutation: Scrolls take you a little longer to read.
                  | [potion of mutation]
 21690 | Lair:3   | Gained mutation: You are agile. (Dex +2) [potion of
                  | mutation]
 21690 | Lair:3   | Gained mutation: Your body sometimes deteriorates upon
                  | taking damage. [potion of mutation]
 21690 | Lair:3   | Gained mutation: You are partially covered in rugged brown
                  | scales. (AC +1, +3% HP) [potion of mutation]
 21701 | Lair:3   | Reached ****** piety under Okawaru
 21701 | Lair:3   | Received a gift from Okawaru
 21705 | Lair:3   | Reached skill level 6 in Long Blades
 22747 | Lair:4   | Noticed Nergalle
 22762 | Lair:4   | Killed Nergalle
 22840 | Lair:4   | Found a staircase to the Snake Pit.
 22945 | Lair:4   | Reached skill level 7 in Long Blades
 22945 | Lair:4   | Reached XP level 15. HP: 112/120 MP: 19/21
 22978 | Lair:4   | Found a staircase to the Shoals.
 23430 | Lair:5   | Got a twitching emerald amulet
 23802 | Lair:5   | Found a staircase to the Slime Pits.
 24221 | Lair:5   | Identified the amulet of Kiroit {rPois MR++ Regen+ Str-5
                  | Stlth+} (You found it on level 5 of the Lair of Beasts)
 24248 | Lair:6   | Entered Level 6 of the Lair of Beasts
 24560 | Lair:6   | Reached skill level 8 in Long Blades
 25084 | Lair:6   | Got a pair of spiked gloves
 25095 | Lair:6   | Identified the +2 pair of gloves of Youthful Indiscretion
                  | {rC+ MP+9} (You found it on level 6 of the Lair of Beasts)
 25194 | Lair:6   | Found the +6 lightning scales {run, rElec}
 25256 | Lair:6   | Reached skill level 9 in Long Blades
 25554 | Lair:6   | Received a gift from Okawaru
 25570 | Lair:6   | Got a transparent cloak {god gift}
 25582 | Lair:6   | Identified the +0 cloak of Deigezio {-Cast rPois Dex+5
                  | SInv} (Okawaru gifted it to you on level 6 of the Lair of
                  | Beasts)
 25930 | Lair:6   | Got a crude long sword
 27135 | Orc:1    | Entered Level 1 of the Orcish Mines
 27135 | Orc:1    | Noticed Urug
 27156 | D:10     | Killed Urug
 27156 | D:10     | Reached XP level 16. HP: 120/130 MP: 22/22
 27289 | Orc:1    | Noticed Jorgrun
 27350 | D:10     | Killed Jorgrun
 27350 | D:10     | Reached skill level 10 in Long Blades
 27626 | D:10     | Identified a scroll of acquirement
 27741 | Bazaar   | Entered a bazaar
 27741 | Bazaar   | Found Jupniwk's Jewellery Boutique.
 27741 | Bazaar   | Found Ydaas's Assorted Antiques.
 27741 | Bazaar   | Found Ceserchud's Gadget Shoppe.
 27743 | Bazaar   | Found Dautt's Antique Armour Emporium.
 27743 | Bazaar   | Found Vepitex's Magic Scroll Shop.
 27772 | Bazaar   | Bought a scroll of identify for 26 gold pieces
 27772 | Bazaar   | Bought a scroll of identify for 26 gold pieces
 27772 | Bazaar   | Bought a scroll of enchant weapon for 97 gold pieces
 27772 | Bazaar   | Bought a scroll of vulnerability for 97 gold pieces
 27772 | Bazaar   | Bought a scroll of identify for 26 gold pieces
 27772 | Bazaar   | Bought a scroll of enchant weapon for 97 gold pieces
 27772 | Bazaar   | Bought a scroll of identify for 26 gold pieces
 27772 | Bazaar   | Bought a scroll of enchant weapon for 97 gold pieces
 27779 | Bazaar   | Bought the ring "Lahi" {+Fly rC+ rN+ Dex+2} for 518 gold
                  | pieces
 27791 | Bazaar   | Bought a scroll of acquirement for 1196 gold pieces
 27791 | Bazaar   | Bought a scroll of identify for 46 gold pieces
 27825 | Bazaar   | Identified the +2 long sword of Foilaor {vorpal, +Rage
                  | Int-2 Dex+4} (You found it on level 6 of the Lair of
                  | Beasts)
 28586 | Orc:2    | Entered Level 2 of the Orcish Mines
 28844 | Orc:2    | Found a staircase to the Elven Halls.
 28852 | Orc:2    | Received a gift from Okawaru
 28852 | Orc:2    | Reached skill level 11 in Long Blades
 29700 | D:15     | Found a staircase to the Depths.
 30572 | Lair:6   | Got a brightly glowing platinum amulet
 30574 | Lair:6   | Identified Gufrer's Papyrus of Quantum Battle Magic
 31202 | Orc:2    | Reached skill level 1 in Crossbows
 31728 | Orc:2    | Reached skill level 12 in Long Blades
 31888 | Orc:2    | Received a gift from Okawaru
 32625 | Orc:2    | Found Tineung's General Store.
 32647 | Orc:2    | Got a brightly glowing war axe {god gift}
 32686 | Orc:2    | Found Ivuunis's Antique Armour Emporium.
 32686 | Orc:2    | Found Witax's Antique Weapon Shoppe.
 32714 | Orc:2    | Found Finazogi's Book Emporium.
 32718 | Orc:2    | Bought a scroll of enchant armour for 112 gold pieces
 32728 | Orc:2    | Bought a glimmering crystal plate armour for 2210 gold
                  | pieces
 33013 | Orc:2    | Identified the +2 crystal plate armour "Qoanliad" {-Tele
                  | rC++ Regen+ Int-2} (You bought it in a shop on level 2 of
                  | the Orcish Mines)
 33223 | Shoals:1 | Entered Level 1 of the Shoals
 33411 | Shoals:1 | Reached XP level 17. HP: 44/139 MP: 23/23
 33656 | Lair:4   | Identified the amulet of Muas Pac {Acrobat rElec Int+3}
                  | (You found it on level 6 of the Lair of Beasts)
 33692 | Snake:1  | Entered Level 1 of the Snake Pit
 33938 | Snake:1  | Reached skill level 15 in Shields
 33995 | Snake:1  | Noticed Louise
 34012 | Snake:1  | Killed Louise
 34012 | Snake:1  | Received a gift from Okawaru
 34217 | Snake:2  | Reached skill level 13 in Long Blades
 34316 | Snake:2  | Noticed Aizul
 34339 | Snake:2  | Killed Aizul
 34717 | Snake:2  | Noticed Vashnia
 34729 | Snake:2  | Killed Vashnia
 34729 | Snake:2  | Received a gift from Okawaru
 34729 | Snake:2  | Received a gift from Okawaru
 34759 | Snake:2  | Got a pitted crystal plate armour {god gift}
 34762 | Snake:2  | Identified the +6 crystal plate armour of Yneoqankut {rC+++
                  | rCorr Dex-3 Slay-6} (Okawaru gifted it to you on level 2 of
                  | the Snake Pit)
 35169 | Snake:2  | Got a shimmering glaive
 35172 | Snake:2  | Identified the +6 glaive of Turmoil {venom, Str+7 Int+4}
                  | (You found it on level 2 of the Snake Pit)
 35203 | Snake:3  | Reached skill level 14 in Long Blades
 35308 | Snake:3  | Found the +9 sword of Zonguldrok {reap}
 35629 | Snake:2  | Reached skill level 5 in Crossbows
 35863 | Snake:3  | Found Ykumpoh's Magic Scroll Shop.
 35875 | Snake:3  | Bought a scroll of identify for 20 gold pieces
 35875 | Snake:3  | Bought a scroll of silence for 75 gold pieces
 35875 | Snake:3  | Bought a scroll of enchant weapon for 75 gold pieces
 35875 | Snake:3  | Bought a scroll of enchant weapon for 75 gold pieces
 35875 | Snake:3  | Bought a scroll of enchant weapon for 75 gold pieces
 36175 | Snake:4  | Entered Level 4 of the Snake Pit
 36522 | Snake:4  | Found Pomaqen's General Store.
 36526 | Snake:4  | Found Fistyur's Antique Weapon Shop.
 36527 | Snake:4  | Found Nasch's Magic Scroll Boutique.
 36530 | Snake:4  | Bought a scroll of enchant weapon for 97 gold pieces
 36530 | Snake:4  | Bought a scroll of identify for 26 gold pieces
 36530 | Snake:4  | Bought a scroll of enchant weapon for 97 gold pieces
 36540 | Snake:4  | Bought a scroll of enchant weapon for 142 gold pieces
 36540 | Snake:4  | Bought a scroll of enchant weapon for 142 gold pieces
 36540 | Snake:4  | Bought a scroll of identify for 38 gold pieces
 36540 | Snake:4  | Bought a scroll of enchant weapon for 142 gold pieces
 36540 | Snake:4  | Bought a scroll of identify for 38 gold pieces
 36540 | Snake:4  | Bought a scroll of identify for 38 gold pieces
 36540 | Snake:4  | Bought a scroll of identify for 38 gold pieces
 36706 | Snake:4  | Reached XP level 18. HP: 118/147 MP: 24/24
 36709 | Snake:4  | Noticed Nikola
 36713 | Snake:4  | Received a gift from Okawaru
 36948 | Snake:4  | Killed Nikola
 37122 | Snake:4  | Received a gift from Okawaru
 37285 | Snake:4  | Reached skill level 15 in Long Blades
 37684 | Snake:4  | Noticed Asterion
 37691 | Snake:4  | Noticed an Executioner
 37708 | Snake:4  | Killed Asterion
 38025 | Snake:4  | Got a serpentine rune of Zot
 38377 | Elf:1    | Entered Level 1 of the Elven Halls
 38618 | Elf:1    | Received a gift from Okawaru
 39021 | Elf:1    | Reached XP level 19. HP: 131/155 MP: 25/25
 39034 | Elf:1    | Reached skill level 16 in Long Blades
 39213 | Elf:1    | Found a runed translucent gate.
 39213 | Elf:1    | Found a runed translucent gate.
 39213 | Elf:1    | Found a runed translucent gate.
 39213 | Elf:1    | Found a runed translucent gate.
 39213 | Elf:1    | Found a runed translucent gate.
 39335 | Elf:1    | Noticed Roxanne
 39379 | Elf:1    | Killed Roxanne
 39554 | Elf:1    | Found a runed translucent gate.
 40104 | Elf:2    | Received a gift from Okawaru
 40219 | Elf:2    | Found Futosom's Book Shoppe.
 40423 | Elf:2    | Found a runed translucent gate.
 40423 | Elf:2    | Found a runed translucent gate.
 40430 | Elf:2    | Found a runed translucent gate.
 40587 | Elf:2    | Received a gift from Okawaru
 40682 | Elf:2    | Received a gift from Okawaru
 40709 | Elf:2    | Cast into level 2 of the Abyss (+3 lajatang of distortion)
 40857 | Abyss:2  | Found a corrupted altar of Lugonu.
 41013 | Abyss:2  | Reached skill level 17 in Long Blades
 41124 | Elf:2    | Escaped the Abyss
 41135 | Elf:2    | Mangled by a +3 lajatang of distortion

Illustrated notes

Levels and vault maps discovered:
D:1:      dpeg_arrival_oval, layout_rooms, minmay_pentomino_w2
D:2:      layout_rooms, elyvilon_altar_5
D:3:      layout_loops_ring, gammafunk_temple_overflow_pools, first_ration,
          minmay_misc_feat_secret_circle, minmay_randomly_rotated_circles
D:4:      minmay_angry_zag, layout_basic, enter_ossuary_5
D:5:      layout_cave_pools, grunt_ministairs_2, lightli_corner_chamber,
          uniq_eustachio
D:6:      layout_basic, temple_hall, nrook_mini_vaults
D:7:      layout_basic, enter_bailey_3
D:8:      layout_loops_corners
D:9:      layout_gridville, vehumet_crystals, minitemple, hangedman_ranch
          [blue_anna_fruit_fields], minmay_misc_feat_four_crosses,
          xom_redecorated, uniq_erica, uniq_joseph
D:10:     layout_roguey, erik_lair_dragon, david_orc_1_choice, basic_altar,
          uniq_grum
D:11:     layout_rooms, laboratory
D:12:     layout_rooms, uniq_rupert, uniq_maurice
D:13:     layout_roguey
D:14:     cheibrodos_wizards_tower, layout_long_grid,
          grunt_vaults_entry_fortified, serial_shops, bzr_entry_lakeside
D:15:     grunt_enter_depths_hoard, layout_cave_pools, uniq_agnes
Temple:   minmay_temple_bridge_abc
Lair:1:   layout_loops_ring
Lair:2:   layout_cave_shapes, serial_rivers, chequers_serial_rivers_marsh,
          chequers_serial_rivers_micro_d, chequers_serial_rivers_room_a,
          chequers_serial_rivers_micro_e, wad_woods_antlair,
          minmay_lair_oklob_chamber, serial_bayou_shore_a, grunt_megastairs_5
Lair:3:   layout_chaotic_city
Lair:4:   lemuel_reptile_caves, layout_cave_pods, minmay_shoals_entry_beasts,
          minmay_snake_entry_guardpost_large, uniq_nergalle
Lair:5:   layout_cave_shapes, minmay_slime_entry_oklob_open,
          cheibrodos_lair_reptile_den
Lair:6:   hangedman_lair_caniforms_friends, layout_loops_ring,
          guppyfry_lair_end_dragon, portal_ice_cave_entry_pillars_1, ice2_lemuel
Shoals:1: layout_shoals, serial_shops, shop, regret_index_shoals_crete
Snake:1:  layout_misc_corridors, uniq_louise
Snake:2:  layout_basic, uniq_vashnia, uniq_aizul
Snake:3:  layout_onion_interference, serial_shops, shop, serial_bayou_shore_b
Snake:4:  minmay_snake_end_coiled, layout_cave_pods, minmay_shop_star,
          uniq_nikola, uniq_asterion
Orc:1:    layout_caves, uniq_urug, uniq_jorgrun
Orc:2:    st_orc_congregation, layout_caves, hangedman_minor_magic
Elf:1:    eino_elf_arrival_sip, layout_gridlike, orc_legates,
          hangedman_decor_cross_pass, uniq_roxanne
Elf:2:    layout_rooms, serial_shops, shop, uniq_donald

Skill      XL: |  1  2  3  4  5  6  7  8  9 10 11 12 13 14 15 16 17 18 19 |
---------------+----------------------------------------------------------+-----
Shields        | 4 5 6 7 9 10 11 12 14 15 | 15.0
Axes           | 3 4 5 6 8 9 11 13 14 15 | 15.5
Armour         | 4 5 6 7 8 9 10 11 12 13 | 13.1
Fighting       | 4 5 6 7 8 9 10 11 12 13 14 | 14.4
Dodging        | 1 2 |  2.9
Stealth        | 1 |  1.4
Invocations    | 1 5 7 8 |  8.0
Long Blades    | 7 9 12 14 15 17 | 17.2
Crossbows      | 3 5 8 9 |  9.6

Action                   |  1- 3 |  4- 6 |  7- 9 | 10-12 | 13-15 | 16-18 | 19-21 || total
-------------------------+-------+-------+-------+-------+-------+-------+-------++-------
Melee: War axe           |    68 |   266 |   277 |   422 |   323 |       |       ||  1356
       Halberd           |       |       |     9 |       |       |       |       ||     9
       Hand axe          |       |       |       |   143 |   284 |       |       ||   427
       Great sword       |       |       |       |       |   446 |   892 |   247 ||  1585
 Fire: Triple crossbow   |       |       |       |       |       |   364 |    86 ||   450
Invok: Heroism           |       |       |       |       |     3 |    10 |     3 ||    16
       Finesse           |       |       |       |       |     2 |     5 |       ||     7
 Abil: Dig               |       |       |       |       |       |     4 |       ||     4
  Use: Scroll            |       |    10 |    11 |     3 |     8 |    29 |     4 ||    65
       Potion            |       |       |       |     3 |     3 |    10 |     2 ||    18
 Stab: Distracted        |       |       |       |       |     1 |       |       ||     1
       Confused          |       |       |       |       |     1 |       |       ||     1
  Eat: Chunk             |       |     8 |    13 |     6 |    15 |     4 |     3 ||    49
       Ration            |       |       |     1 |     6 |     8 |    10 |       ||    25
Armor: Scale mail        |    36 |   107 |   120 |       |       |       |       ||   263
       Plate armour      |       |       |    34 |   163 |   489 |   189 |       ||   875
       Crystal plate arm |       |       |       |       |       |   461 |   105 ||   566
       Skin              |       |       |       |       |       |    21 |       ||    21
Dodge: Dodged            |    30 |    86 |   139 |   105 |   312 |   274 |    55 ||  1001
       Repelled          |       |       |       |       |     2 |       |       ||     2
Block: Kite shield       |    36 |   159 |   224 |   286 |   439 |       |       ||  1144
       Tower shield      |       |       |       |       |   500 |  1620 |   298 ||  2418
       Reflection        |       |       |       |       |     2 |   195 |    30 ||   227
       Rpst.: Great sword |       |       |       |       |    34 |    48 |    10 ||    92

Table legend:
 A = Non-vault XP
 B = Vault XP
 C = Vault XP percentage of total XP
 D = Non-vault monster count
 E = Vault monster count
 F = Vault count percentage of total count
                 A         B        C        D         E       F
            +---------+---------+-------+---------+---------+-------
      Total |  183731 |  140665 |  43.4 |     755 |     445 |  37.1
            +---------+---------+-------+---------+---------+-------
        D:1 |      23 |       2 |   8.0 |      11 |       1 |   8.3
        D:2 |     118 |       0 |   0.0 |      26 |       0 |   0.0
        D:3 |      85 |      10 |  10.5 |      14 |       6 |  30.0
        D:4 |     216 |      47 |  17.9 |      20 |       3 |  13.0
        D:5 |     504 |     436 |  46.4 |      24 |       5 |  17.2
        D:6 |    1052 |       0 |   0.0 |      17 |       0 |   0.0
        D:7 |     346 |       8 |   2.3 |       7 |       4 |  36.4
        D:8 |    1312 |       0 |   0.0 |      23 |       0 |   0.0
        D:9 |    1727 |    3578 |  67.4 |      42 |      10 |  19.2
       D:10 |    6168 |    5877 |  48.8 |      35 |      22 |  38.6
       D:11 |    2625 |    3461 |  56.9 |      26 |      13 |  33.3
       D:12 |    2519 |    2170 |  46.3 |      27 |       2 |   6.9
       D:13 |    4920 |       0 |   0.0 |      34 |       0 |   0.0
       D:14 |    3018 |    7794 |  72.1 |      15 |      13 |  46.4
       D:15 |    6908 |    4135 |  37.4 |      26 |       3 |  10.3
     Lair:1 |    1655 |       0 |   0.0 |       8 |       0 |   0.0
     Lair:2 |    4967 |    3171 |  39.0 |      21 |      17 |  44.7
     Lair:3 |    5298 |       0 |   0.0 |      26 |       0 |   0.0
     Lair:4 |    1192 |    3658 |  75.4 |       6 |      40 |  87.0
     Lair:5 |    1599 |    1199 |  42.9 |       8 |       9 |  52.9
     Lair:6 |   15485 |   16877 |  52.2 |      49 |      82 |  62.6
   Shoals:1 |    9821 |       0 |   0.0 |      19 |       0 |   0.0
    Snake:1 |    6206 |    1629 |  20.8 |      10 |       1 |   9.1
    Snake:2 |   13013 |   10883 |  45.5 |      22 |       7 |  24.1
    Snake:3 |   11540 |       0 |   0.0 |      20 |       0 |   0.0
    Snake:4 |   18145 |   30533 |  62.7 |      35 |      45 |  56.2
      Orc:1 |    5138 |    2296 |  30.9 |      45 |      17 |  27.4
      Orc:2 |    8273 |   10484 |  55.9 |      53 |      62 |  53.9
      Elf:1 |   19730 |   19556 |  49.8 |      30 |      32 |  51.6
      Elf:2 |    9784 |   12558 |  56.2 |      15 |      16 |  51.6
    Abyss:2 |   17733 |       0 |   0.0 |      34 |       0 |   0.0
    Abyss:3 |    2611 |       0 |   0.0 |       7 |       0 |   0.0
    Ossuary |       0 |     134 | 100.0 |       0 |      21 | 100.0
     Bailey |       0 |     169 | 100.0 |       0 |      14 | 100.0
            +---------+---------+-------+---------+---------+-------
